 Dungeon Crawl Stone Soup version 0.27.1 (webtiles) character file.

Game seed: 2874891038348191824

85 Renzlar the Shield-Bearer (level 4, 0/41 HPs)
             Began as a Gnoll Fighter on Aug 21, 2021.
             Splashed by Ijyb's acid (13 damage)
             ... on level 3 of the Dungeon.
             The game lasted 00:06:35 (2402 turns).

Renzlar the Shield-Bearer (Gnoll Fighter)           Turns: 2402, Time: 00:06:35

Health: 0/41       AC:  9    Str: 16    XL:     4   Next: 48%
Magic:  5/5        EV:  8    Int:  7    God:
Gold:   109        SH: 10    Dex: 12    Spells: 5/5 levels left

rFire    . . .     SeeInvis .   a - +0 war axe
rCold    . . .     Faith    .   c - +0 kite shield
rNeg     . . .     Spirit   .   b - +0 scale mail
rPois    .         Reflect  .   (no helmet)
rElec    .         Harm     .   (no cloak)
rCorr    .         Rampage  .   (no gloves)
Will     .....                  n - +0 pair of boots
Stlth    ..........             (no amulet)
HPRegen  0.13/turn              (no ring)
MPRegen  0.09/turn              (no ring)

@: mighty
A: fangs 1, strong nose, distributed training
a: no special abilities


You were on level 3 of the Dungeon.
You visited 1 branch of the dungeon, and saw 3 of its levels.

You collected 109 gold pieces.

Inventory:

Hand Weapons
 a - a +0 war axe (weapon)
Missiles
 e - 68 stones (quivered)
 g - 35 sling bullets
 h - 28 bolts
Armour
 b - a +0 scale mail (worn)
 c - a +0 kite shield (worn)
 n - a +0 pair of boots (worn)
Magical Staves
 m - a staff of air
Scrolls
 i - 2 scrolls of identify {unknown}
 k - a scroll of teleportation {unknown}
 o - a scroll of enchant armour {unknown}
 p - a scroll of vulnerability {unknown}
 q - a scroll of holy word {unknown}
Potions
 f - a potion of curing {unknown}
 j - a potion of cancellation {unknown}
 l - a potion of degeneration {unknown}


   Skills:
 + Level 6.6 Fighting
 + Level 1.1 Short Blades
 + Level 1.1 Long Blades
 + Level 4.6 Axes
 + Level 1.1 Maces & Flails
 + Level 1.1 Polearms
 + Level 1.1 Staves
 + Level 1.1 Slings
 + Level 1.1 Bows
 + Level 1.1 Crossbows
 + Level 1.1 Throwing
 + Level 6.6 Armour
 + Level 1.1 Dodging
 + Level 1.1 Stealth
 + Level 6.6 Shields
 + Level 1.1 Unarmed Combat
 + Level 1.1 Spellcasting
 + Level 0.9 Conjurations
 + Level 0.9 Hexes
 + Level 0.9 Summonings
 + Level 0.9 Necromancy
 + Level 0.9 Translocations
 + Level 0.9 Transmutations
 + Level 0.9 Fire Magic
 + Level 0.9 Ice Magic
 + Level 0.9 Air Magic
 + Level 0.9 Earth Magic
 + Level 0.9 Poison Magic
 + Level 1.2 Invocations
 + Level 1.1 Evocations


You had 5 spell levels left.
You didn't know any spells.
Your spell library was empty.

Dungeon Overview and Level Annotations

Branches:
Dungeon (3/15)

Altars:

Annotations:
D:3 Ijyb


Innate Abilities, Weirdness & Mutations

You have very sharp teeth.
Your uncanny sense of smell can sniff out nearby items.
Your experience applies equally to all skills.


Message History

The orc is heavily wounded.
The orc barely misses you. The orc closely misses you.
You slash the orc!
You kill the orc!
An orc comes into view. It is wielding a +0 short sword.
The orc priest hits you but does no damage.
The orc shouts!
You slash the orc priest!
The orc priest is heavily wounded.
You hear a shout!
The orc priest hits you with a +0 club.
You barely miss the orc priest.
The orc priest is heavily wounded.
The orc priest calls down the wrath of Beogh upon you.
Pain shoots through your body!
The orc priest looks braver for a moment.
Ijyb the Twisted Goblin comes into view.
She is wielding a +0 long sword and carrying a wand of acid (9).
You barely miss the orc priest.
The orc priest is heavily wounded.
Unknown command.
You hit the orc priest.
The orc priest is heavily wounded.
You hit the orc. You block the orc priest's attack.
The orc hits you but does no damage. The orc priest completely misses you.
The orc hits you but does no damage.
You hit the orc priest.
You bite the orc priest, but do no damage.
The orc priest is severely wounded.
You slash the orc!
You kill the orc!
The orc priest looks encouraged for a moment.
You feel very mighty all of a sudden.
The orc priest mumbles some strange prayers to Beogh against you.
Beogh smites you!
You closely miss the orc priest.
The orc priest is severely wounded.
Ijyb screams, "Me kill you!" You block the orc priest's attack.
Ijyb zaps a wand.
The bolt of acid hits you.
You are splashed with acid!
You die...

#.##########...#...∆
#................#
###########)...###
#.....##
#.)...####.#
#...........
#......###.#
#....g...#
#.##@o.#.# #.
##)#....#∆ #.
..(.#.... #.
.##....##. #o .#.##
. ..... ## .#....
.## ##


You could see Ijyb and an orc priest.

Vanquished Creatures
  3 adders (D:2)
  3 worms
  3 orcs (D:3)
  2 endoplasms (D:2)
  2 giant cockroaches (D:2)
  5 goblins
  3 hobgoblins
  A quokka (D:2)
  5 ball pythons
  4 bats
  5 frilled lizards
  11 kobolds
47 creatures vanquished.

Vanquished Creatures (others)
  A plant (D:2)
  4 toadstools (D:1)
5 creatures vanquished.

Grand Total: 52 creatures vanquished

Notes
Turn   | Place    | Note
-------+----------+-------------------------------------------
     0 | D:1      | Renzlar the Gnoll Fighter began the quest for the Orb.
     0 | D:1      | Reached XP level 1. HP: 23/23 MP: 1/1
   526 | D:1      | Reached XP level 2. HP: 29/29 MP: 2/2
  1054 | D:2      | Reached XP level 3. HP: 35/35 MP: 3/3
  1184 | D:2      | Reached skill level 1 in Invocations
  1276 | D:2      | Found a faded altar of an unknown god.
  1567 | D:2      | Reached skill level 1 in Short Blades
  1567 | D:2      | Reached skill level 1 in Long Blades
  1567 | D:2      | Reached skill level 1 in Maces & Flails
  1567 | D:2      | Reached skill level 1 in Polearms
  1567 | D:2      | Reached skill level 1 in Staves
  1567 | D:2      | Reached skill level 1 in Slings
  1567 | D:2      | Reached skill level 1 in Bows
  1567 | D:2      | Reached skill level 1 in Crossbows
  1567 | D:2      | Reached skill level 1 in Throwing
  1567 | D:2      | Reached skill level 1 in Dodging
  1567 | D:2      | Reached skill level 1 in Stealth
  1567 | D:2      | Reached skill level 1 in Unarmed Combat
  1567 | D:2      | Reached skill level 1 in Spellcasting
  1567 | D:2      | Reached skill level 1 in Evocations
  1891 | D:2      | Reached XP level 4. HP: 41/41 MP: 5/5
  2397 | D:3      | Noticed Ijyb
  2402 | D:3      | Splashed by Ijyb's acid

Illustrated notes

Levels and vault maps discovered:
D:1:      ldierk_water_garden, layout_basic
D:2:      minmay_diamond_boxcup, layout_loops_ring,
          shapermc_ecumenical_altar_petra, chequers_serial_rivers_large_a,
          serial_bayou_pond_d, minmay_tetromino_i2
D:3:      layout_loops_ring, ashenzari_altar_1, minmay_cupped, uniq_ijyb

Skill      XL: |  1  2  3 |
---------------+----------+-----
Invocations    | 1 |  1.2
Short Blades   | 1 |  1.1
Long Blades    | 1 |  1.1
Maces & Flails | 1 |  1.1
Polearms       | 1 |  1.1
Staves         | 1 |  1.1
Slings         | 1 |  1.1
Bows           | 1 |  1.1
Crossbows      | 1 |  1.1
Throwing       | 1 |  1.1
Dodging        | 1 |  1.1
Stealth        | 1 |  1.1
Unarmed Combat | 1 |  1.1
Spellcasting   | 1 |  1.1
Evocations     | 1 |  1.1
Fighting       | |  6.6
Axes           | |  4.6
Armour         | |  6.6
Shields        | |  6.6
Conjurations   | |  0.9
Hexes          | |  0.9
Summonings     | |  0.9
Necromancy     | |  0.9
Translocations | |  0.9
Transmutations | |  0.9
Fire Magic     | |  0.9
Ice Magic      | |  0.9
Air Magic      | |  0.9
Earth Magic    | |  0.9
Poison Magic   | |  0.9

Action                   |  1- 3 |  4- 6 || total
-------------------------+-------+-------++-------
Melee: War axe           |    96 |    27 ||   123
       Bite              |     6 |     1 ||     7
       Staff             |       |     9 ||     9
Throw: Stone             |    19 |     9 ||    28
  Use: Potion            |       |     1 ||     1
Armor: Scale mail        |    38 |    11 ||    49
Dodge: Dodged            |    21 |     5 ||    26
Block: Kite shield       |    41 |    14 ||    55
